 Dungeon Crawl Stone Soup version 0.15.1-1-gfacfea3 (webtiles) character file.

238 DrPain the Cutter (level 5, -6/25 HPs)
             Began as a Spriggan Assassin on Sept 24, 2014.
             Mangled by Prince Ribbit (17 damage)
             ... on Level 4 of the Dungeon.
             The game lasted 00:11:12 (4680 turns).

DrPain the Cutter (Spriggan Assassin)               Turns: 4680, Time: 00:11:12

HP  -6/25        AC  3     Str  5 (7)  XL: 5   Next: 78%
MP  10/10        EV 20     Int 10      God:
Gold 158         SH  0     Dex 19      Spells:  0 memorised,  4 levels left

rFire  . . .     SeeInvis +     W - +1 flail (crush)
rCold  . . .     Clarity  .     c - +0 robe
rNeg   . . .     rCorr    .     (shield restricted)
rPois  .         rRot     .     (helmet restricted)
rElec  .         Spirit   .     d - +0 cloak
SustAb .         Warding  .     (gloves unavailable)
rMut   .         Stasis   .     (boots unavailable)
Gourm  .                        (no amulet)
MR     .....                    (no ring)
                                (no ring)

@: very quick, not resistant to hostile enchantments, stealthy
A: unfitting armour, claws 1, see invisible, deterioration 1, dopey 1, herbivore
3, speed 3, slow metabolism 2
a: no special abilities


You were on level 4 of the Dungeon.
You were not hungry.

You visited 1 branch of the dungeon, and saw 4 of its levels.

You collected 158 gold pieces.

Inventory:

Hand weapons
 f - a +0 blowgun
 r - a +0 whip
 w - a +2 dagger
 W - a +1 flail of crushing (weapon)
Missiles
 b - 2 curare-tipped needles
 e - 16 poisoned needles
Armour
 c - a +0 robe (worn)
 d - a +0 cloak (worn)
Comestibles
 h - 2 bread rations
 j - 8 fruits
 o - a slice of pizza
Scrolls
 a - 4 scrolls of identify
 k - a scroll of enchant weapon
Potions
 g - a potion of porridge
 q - a potion of might
Books
 i - a book of Alchemy

   Spells                             Type                      Level
   Sublimation of Blood               Necromancy                   2
   Alistair's Intoxication            Transmutation/Poison         4
   Condensation Shield                Ice                          4
   Petrify                            Transmutation/Earth          4
   Ignite Poison                      Fire/Transmutation           5


   Skills:
 - Level 1.5 Fighting
 - Level 6.0 Short Blades
 + Level 0.1 Maces & Flails
 - Level 2.1 Throwing
 - Level 4.0 Dodging
 - Level 5.8 Stealth


You had 4 spell levels left.
You didn't know any spells.

Dungeon Overview and Level Annotations

Branches:
Dungeon (4/15)
 Temple: D:4-7

Altars:
Makhleb
Okawaru

Annotations:
D:4 Prince Ribbit


Innate Abilities, Weirdness & Mutations

You are tiny and cannot use many weapons and most armour.
You have supernaturally acute eyesight.
You are a herbivore.
You cover ground extremely quickly.
You need consume almost no food.
You have sharp fingernails.
Your body is slowly deteriorating.
You are dopey. (Int -2)


Message History

Prince Ribbit winks and puckers his lips.
Prince Ribbit misses you.
You closely miss Prince Ribbit.
Prince Ribbit is moderately wounded.
Prince Ribbit hits you!
You miss Prince Ribbit.
Prince Ribbit is moderately wounded.
Prince Ribbit misses you.
Prince Ribbit momentarily phases out as your attack passes through him.
Prince Ribbit is moderately wounded.
Prince Ribbit hits you!
Wield which item (- for none, * to show all)? (? for menu, Esc to quit)
W - a +1 flail of crushing (weapon)
Prince Ribbit completely misses you.
You hit Prince Ribbit.
Prince Ribbit is heavily wounded.
Prince Ribbit catches a millipede with his tongue.
Prince Ribbit hits you!
Ouch! That really hurt!
You die...

######## #########
#......# ........#
#......# ....%...#
#......# ........#
#.....<+
.......#######..@F..#
.......#............#
.......#............#
.......#............#
.......'..<.........#
.......#........$...+
.......#............#
.....%.#######.......
........# #.....


You could see Prince Ribbit.

Vanquished Creatures
  An orc wizard (D:3)
  Natasha (thrice) (D:3)
  5 gnolls (D:3)
  3 adders
  An inept item mimic (D:3)
  A worm (D:3)
  2 giant geckos
  An ooze (D:1)
  5 orcs (D:3)
  3 giant cockroaches
  13 hobgoblins
  10 jackals
  5 kobolds
  4 bats
  6 giant newts
  12 goblins
  9 rats
84 creatures vanquished.

Notes
Turn   | Place    | Note
--------------------------------------------------------------
     0 | D:1      | DrPain, the Spriggan Assassin, began the quest for the Orb.
     0 | D:1      | Reached XP level 1. HP: 10/10 MP: 2/2
   169 | D:1      | Reached XP level 2. HP: 14/14 MP: 4/4
  1044 | D:2      | Reached XP level 3. HP: 18/18 MP: 6/6
  1605 | D:2      | Gained mutation: You are dopey. (Int -2) [potion of mutation]
  1605 | D:2      | Gained mutation: Your body is slowly deteriorating. [potion of mutation]
  1605 | D:2      | Gained mutation: You have sharp fingernails. [potion of mutation]
  2424 | D:3      | Reached XP level 4. HP: 17/22 MP: 8/8
  2431 | D:3      | Noticed Natasha
  2436 | D:3      | Killed Natasha
  2436 | D:3      | Reached skill level 5 in Short Blades
  2453 | D:3      | Noticed Natasha
  2465 | D:3      | Killed Natasha
  2985 | D:3      | Found an iron altar of Okawaru.
  3005 | D:3      | Reached XP level 5. HP: 15/25 MP: 10/10
  3155 | D:3      | Noticed Natasha
  3162 | D:3      | Killed Natasha
  3165 | D:3      | Found a burning altar of Makhleb.
  3314 | D:3      | Reached skill level 6 in Short Blades
  4657 | D:4      | Noticed Prince Ribbit
  4680 | D:4      | Mangled by Prince Ribbit

Action                   |  1- 3 |  4- 6 || total
-------------------------+-------+-------++-------
Melee: Dagger            |   140 |   133 ||   273
       Flail             |       |    12 ||    12
 Fire: Blowgun           |     4 |    25 ||    29
Evoke: Wand              |     1 |       ||     1
  Use: Potion            |     3 |     1 ||     4
       Scroll            |       |     7 ||     7
 Stab: Sleeping          |    13 |     4 ||    17
  Eat: Pizza             |       |     1 ||     1
